 Dungeon Crawl Stone Soup version 0.30.1-5-ged363bc7ee (webtiles) character file.

Game seed: 18208360026947946969

202548 Peloso the Hoplite (level 17, -14/158 (161) HPs)
             Began as a Minotaur Fighter on Sept 19, 2023.
             Was the Champion of Okawaru.
             Demolished by a bunyip (21 damage)
             ... on level 3 of the Swamp.
             The game lasted 01:42:04 (33612 turns).

Peloso the Hoplite (Minotaur Fighter)              Turns: 33612, Time: 01:42:05

HP:   -14/158 (161) AC: 32    Str: 32    XL:     17   Next: 95%
MP:   15/17         EV: 16    Int:  8    God:    Okawaru [******]
Gold: 1103          SH: 33    Dex: 19    Spells: 16/16 levels left

rFire   + + +        b - +7 double sword (flame)
rCold   + + +        d - +2 tower shield {rC+}
rNeg    + . .        l - +1 plate armour {rF+}
rPois   +            I - +0 hat {Will+}
rElec   +            G - scarf {rC+ rF+}
rCorr   +            E - +2 pair of gloves of Lesser Demons {rN+ Will+ Regen+ Dex+2}
SInv    .            h - +2 pair of boots {rampage}
Will    +++..        x - amulet of Juocehou {Reflect +Blink rC+ Str+3 SH+5} Stlth
                     o - ring of Xumaec {rElec AC+4 Str+7}
HPRegen 1.26/turn    w - ring of Xom's Flight of Fancy {rElec rPois rCorr Int+3}
MPRegen 0.15/turn

%: reflection, rampage
@: heroic, studying Ice Magic, lightly drained
A: horns 2, retaliatory headbutt, fire resistance 1
}: 1/15 runes: gossamer
a: Renounce Religion, Evoke Blink, Heroism, Finesse, Duel


You were on level 3 of the Swamp.
You worshipped Okawaru.
Okawaru was exalted by your worship.
You visited 6 branches of the dungeon, and saw 30 of its levels.
You also visited: Gauntlet, Ice Cave and Volcano.

You collected 3345 gold pieces.
You spent 2242 gold pieces at shops.

Inventory:

Hand Weapons
 a - the +9 double sword "Sudic" {elec, rElec}
   (You bought it in a shop on level 2 of the Orcish Mines)

   rElec:     It insulates you from electricity.
 b - a +7 double sword of flaming (weapon)
 c - the +8 long sword "Veshryiri" {spect, rElec rC+ MP+9 Stlth+}
   (Okawaru gifted it to you on level 3 of the Swamp)

   rC:        It protects you from cold.
   rElec:     It insulates you from electricity.
   MP:        It affects your magic capacity (+9).
   Stlth:     It makes you more stealthy.
 D - the +9 long sword of the Final Decision {freeze, Dex+3}
   (Okawaru gifted it to you on level 1 of the Spider Nest)

   Dex:       It affects your dexterity (+3).
Armour
 d - a +2 tower shield of cold resistance (worn)
 h - a +2 pair of boots of rampaging (worn)
 l - a +1 plate armour of fire resistance (worn)
 E - the +2 pair of gloves of Lesser Demons (worn) {rN+ Will+ Regen+ Dex+2}
   (Okawaru gifted it to you on level 4 of the Spider Nest)

   Dex:       It affects your dexterity (+2).
   rN:        It protects you from negative energy.
   Regen:     It increases your rate of health regeneration.
   Will:      It increases your willpower.
 F - +0 swamp dragon scales
 G - a scarf of resistance (worn)
 I - a +0 hat of willpower (worn)
Jewellery
 o - the ring of Xumaec (left hand) {rElec AC+4 Str+7}
   (You found it on level 3 of the Dungeon)

   [ring of protection]

   AC:        It affects your AC (+4).
   Str:       It affects your strength (+7).
   rElec:     It insulates you from electricity.
 r - a +6 ring of strength
 t - an amulet of regeneration
 u - a ring of willpower
 w - the ring of Xom's Flight of Fancy (right hand) {rElec rPois rCorr Int+3}
   (You bought it in a shop on level 6 of the Dungeon)

   [ring of poison resistance]

   Int:       It affects your intelligence (+3).
   rElec:     It insulates you from electricity.
   rPois:     It protects you from poison.
   rCorr:     It protects you from acid and corrosion.
 x - the amulet of Juocehou (around neck) {Reflect +Blink rC+ Str+3 SH+5}
   (You took it off a spriggan on level 5 of the Lair of Beasts)

   [amulet of reflection]

   It reflects blocked missile attacks.
   Str:       It affects your strength (+3).
   rC:        It protects you from cold.
   +Blink:    It lets you blink.
   SH:        It affects your SH (+5).
 K - a ring of see invisible
 L - a ring of flight
Wands
 s - a wand of flame (5)
 v - a wand of roots (5)
 C - a wand of polymorph (13)
 T - a wand of digging (10)
Scrolls
 i - a scroll of poison
 k - 4 scrolls of identify
 m - 6 scrolls of fear
 p - 2 scrolls of enchant weapon
 y - 4 scrolls of magic mapping
 z - 2 scrolls of acquirement
 U - 12 scrolls of teleportation
 V - 3 scrolls of blinking
 Y - a scroll of immolation
Potions
 e - a potion of mutation
 f - 2 potions of brilliance
 g - 8 potions of curing
 j - 8 potions of might
 n - 5 potions of flight
 q - a potion of magic
 A - 3 potions of invisibility
 B - a potion of berserk rage
 H - 9 potions of haste
 O - 8 potions of lignification


   Skills:
 + Level 17.2(22.2) Fighting
 + Level 19.2(24.2) Long Blades
 + Level 6.6(11.6) Maces & Flails
 + Level 16.8(21.8) Armour
 + Level 7.6(12.6) Dodging
 + Level 2.4(7.4) Stealth
 + Level 22.4(27) Shields
 + Level 2.1 Invocations
 + Level 1.8 Evocations


You had 16 spell levels left.
You didn't know any spells.
Your spell library contained the following spells:

 Spells                   Type           Power      Damage    Failure   Level
 Apportation              Tloc           0%         N/A       83%         1
 Magic Dart               Conj           0%         1d3       83%         1
 Sandblast                Erth           0%         2d4       83%         1
 Cigotuvi's Dreadful Rot  Necr/Pois/Air  0%         N/A       92%         2
 Passwall                 Tmut/Erth      0%         N/A       92%         2
 Sublimation of Blood     Necr           0%         N/A       92%         2
 Dazzling Flash           Conj/Hex       0%         N/A       99%         3
 Hailstorm                Conj/Ice       0%         3d3       99%         3
 Ignite Poison            Fire/Tmut/Pois 0%         N/A       99%         3
 Inner Flame              Hex/Fire       0%         N/A       99%         3
 Mephitic Cloud           Conj/Pois/Air  0%         N/A       99%         3
 Stone Arrow              Conj/Erth      0%         3d7       99%         3
 Flame Wave               Conj/Fire      0%         2d4       100%        4
 Ice Form                 Ice/Tmut       0%         N/A       100%        4
 Manifold Assault         Tloc           0%         N/A       100%        4
 Petrify                  Tmut/Erth      0%         N/A       100%        4
 Sticky Flame             Conj/Fire      0%         2d3       100%        4
 Agony                    Necr           0%         N/A       100%        5
 Alistair's Intoxication  Tmut/Pois      0%         N/A       100%        5
 Borgnjor's Vile Clutch   Necr/Erth      0%         N/A       100%        5
 Freezing Cloud           Conj/Ice/Air   0%         6-21      100%        5
 Irradiate                Conj/Tmut      0%         3d11      100%        5
 Metabolic Englaciation   Hex/Ice        0%         N/A       100%        5
 Silence                  Hex/Air        0%         N/A       100%        5
 Yara's Violent Unravell  Hex/Tmut       0%         3d3       100%        5
 Dispersal                Tloc           0%         N/A       100%        6
 Statue Form              Tmut/Erth      0%         N/A       100%        6
 Enfeeble                 Hex            0%         N/A       100%        7
 Disjunction              Tloc           0%         N/A       100%        8
 Call Imp                 Summ           Unusable   N/A       N/A         2
 Animate Dead             Necr           Unusable   N/A       N/A         4
 Death Channel            Necr           Unusable   N/A       N/A         6
 Simulacrum               Ice/Necr       Unusable   N/A       N/A         6

Dungeon Overview and Level Annotations

Branches:
Dungeon (15/15)            Temple (1/1) D:5            Lair (5/5) D:10
  Swamp (3/4) Lair:2       Spider (4/4) Lair:2        Slime (0/5) Lair:5
    Orc (2/2) D:10            Elf (0/3) Orc:2        Vaults (0/5) D:13
 Depths (0/4) D:15          IceCv (visited)         Volcano (visited)
Gauntlet (visited)

Altars:
Ashenzari
Cheibriados
Dithmenos
Elyvilon
Fedhas
Gozag
Hepliaklqana
Makhleb
Nemelex Xobeh
Okawaru
Qazlal
Ru
Sif Muna
Trog
Uskayaw
Vehumet
Xom
Yredelemnul
Zin
The Shining One

Shops:
D:6 =   D:13 *   D:15 (   Orc:2 *?(((

Annotations:
Lair:5 Casa
Swamp:3 Aizul


Innate Abilities, Weirdness & Mutations

You have a pair of horns on your head.
You reflexively headbutt those who attack you in melee.
Your flesh is heat resistant. (rF+)


Message History

The tentacled monstrosity is almost dead.
You block Aizul's attack.
You block the tentacled monstrosity's attack.
The tentacled monstrosity tentacle-slaps you but does no damage.
You block the tentacled monstrosity's attack.
The tentacled monstrosity constricts you!
* * * LOW HITPOINT WARNING * * *
You hit the tentacled monstrosity but do no damage.
The tentacled monstrosity is almost dead.
Aizul casts a spell at you. You resist with almost no effort.
You block the bunyip's attack. x3
Unknown command.
You chop the tentacled monstrosity into pieces!!!
You burn the tentacled monstrosity.
You kill the tentacled monstrosity!
Okawaru accepts your kill. Aizul hits you but does no damage.
The swamp drake breathes poison at you.
The noxious blast engulfs you but does no damage.
You resist.
You slice Aizul!! You burn Aizul!
Aizul is moderately wounded.
You block Aizul's attack.
Unknown command.
You barely miss Aizul. You headbutt Aizul!
Aizul is moderately wounded.
Aizul casts a spell at you.
You block poison arrow... and reflect it back!
The poison arrow hits Aizul!
Aizul partially resists.
Aizul is poisoned.
Unknown command.
You closely miss Aizul. Your headbutt misses Aizul.
Aizul is heavily wounded.
You block Aizul's attack. You block the swamp drake's attack.
Unknown command.
You slice Aizul!! You burn Aizul. You headbutt Aizul!
Aizul is almost dead.
You block Aizul's attack. The bunyip claws you!!!
* * * LOW HITPOINT WARNING * * *
You block the bunyip's attack. The bunyip claws you!!
You die...

♣♣♣ ♣♣♣♣♣♣♣♣♣♣♣♣♣
~♣♣~~♣♣♣♣♣♣~~♣♣.☼.....♣♣
...~~.).[~..~...#°°..(.♣♣
~~~~~~.....~~.°°°°.#[#..♣♣♣
~~~~~~~....~☼##x@°.#.#....♣♣
~~~~~~~.<.÷....Sk°..##.....♣
~~~~~§....~..##.##.†.....~♣♣
~~~~~~~~~~.~.##w##........♣
~~~..~~~~~~~......°.......♣
~..~~~~.~~~~......☼#.##..~♣
..♣♣♣...~~~~...###.#.##...♣
♣...~~~.....# .......♣♣♣
♣♣..~~~.♣~♣.###......♣♣


You could see Aizul (very poisoned), a bunyip (strong), a tyrant leech and a
swamp drake.

Vanquished Creatures
  Mara (Spider:3)
  Arachne (Spider:2)
  Jorgrun (Spider:3)
  A tentacled monstrosity (Swamp:3)
  Rupert (D:15)
  Mlioglotl (Swamp:1)
  Frances (Swamp:1)
  A thorn hunter (Swamp:1)
  Kirke (Swamp:3)
  Roxanne (Swamp:3)
  A frost giant (IceCv)
  5 emperor scorpions
  4 ghost moths
  A ghoul (Swamp:1)
  2 broodmothers
  An eleionoma (Swamp:2)
  Nessos (D:12)
  A minotaur (Gauntlet)
  2 bunyips
  The ghost of bonety the Severer, a journeyman MiFi of Okawaru (Lair:2)
  2 spark wasps
  An ettin (D:13)
  Josephine (Lair:4)
  6 entropy weavers
  A shambling mangrove (Swamp:2)
  10 hydras
  A spriggan air mage (Swamp:2)
  3 radroaches (Spider:2)
  2 ghost crabs
  Erica (D:7)
  3 two-headed ogres
  A jorogumo (Spider:4)
  A death knight (D:14)
  The ghost of chujev the Fighter, a journeyman GrMo of Zin (Lair:2)
  A catoblepas (D:9)
  A dancing weapon (Volcano)
  22 death yaks
  3 centaur warriors
  A boulder beetle (D:13)
  2 alligators
  A tengu warrior (D:14)
  3 orc high priests (Orc:2)
  Sonja (Lair:5)
  Urug (Lair:3)
  Nergalle (D:11)
  The ghost of laros the Cleaver, a novice MiBe of Trog (D:7)
  8 skeletal warriors
  4 goliath frogs
  Amaemon (Lair:3)
  2 skysharks
  2 pharaoh ants
  2 sun moths
  9 orb spiders
  2 swamp dragons
  3 spriggan druids
  5 bog bodies
  3 deep trolls (D:15)
  8 wizards
  A lindwurm (Lair:4)
  6 steelbarb worms
  5 orc sorcerers (Orc:2)
  5 orc knights (Orc:1)
  17 ugly things
  5 manticores
  17 wolf spiders
  Maurice (D:12)
  2 will-o-the-wisps
  5 cyclopes
  7 black mambas
  5 toenail golems (Volcano)
  10 elephants
  An orange demon (Lair:3)
  3 demonic crawlers
  A moth of wrath (Spider:2)
  Joseph (D:10)
  2 ice statues
  Maggie (D:6)
  2 gargoyles (D:12)
  8 torpor snails
  7 cane toads
  A kobold demonologist (D:7)
  8 rime drakes
  A yaktaur (shapeshifter) (D:15)
  10 komodo dragons
  6 trolls
  6 meliai
  3 tyrant leeches
  15 hornets
  Grinder (D:6)
  18 blink frogs
  8 polar bears
  31 tarantellas
  A raiju (Gauntlet)
  2 dream sheep (Lair:5)
  14 jumping spiders
  12 culicivoras
  4 slime creatures
  A shadow (D:10)
  18 spriggans
  5 wraiths (Lair:4)
  2 vampires
  6 humans (Swamp:3)
  44 yaks
  4 wyverns
  2 vampire mosquitoes (D:9)
  An unseen horror simulacrum (D:9)
  5 basilisks
  2 steam dragons
  56 redbacks
  14 swamp worms
  6 wargs
  A two-headed ogre zombie (D:10)
  2 acid dragons
  14 water moccasins
  2 ice beasts
  17 orc warriors
  A sky beast (D:7)
  17 centaurs
  5 black bears (Lair:5)
  5 ogres
  34 wolves
  5 boggarts
  2 phantoms
  14 bullfrogs
  14 kobold brigands
  A gnoll sergeant (D:9)
  5 scorpions
  14 wights
  3 troll zombies (D:10)
  13 killer bees
  6 howler monkeys
  An electric eel (Spider:4)
  7 jellies
  2 hounds
  16 orc priests
  A gnoll bouda (D:8)
  2 iguanas
  19 orc wizards
  4 ogre zombies (D:10)
  12 gnolls
  5 adders
  An ufetubus (D:4)
  3 dart slugs
  47 orcs
  2 endoplasms
  5 giant cockroaches
  10 goblins
  4 hobgoblins
  3 jackals (D:4)
  A quokka (D:1)
  6 ball pythons
  A bat (D:2)
  6 frilled lizards
  3 goblin skeletons (D:10)
  2 goblin zombies (D:10)
  A hobgoblin zombie (D:10)
  17 kobolds
  3 orc skeletons (D:10)
  16 orc zombies (D:10)
  7 rats
  2 butterflies (Lair:5)
953 creatures vanquished.

Vanquished Creatures (others)
  An alligator (Swamp:3)
  A spriggan druid (Swamp:3)
  A rime drake (IceCv)
  3 bloated husks
  A jumping spider (Spider:4)
  2 redbacks
  A steam dragon (Gauntlet)
  6 foxfires
16 creatures vanquished.

Grand Total: 969 creatures vanquished

Notes
Turn   | Place    | Note
-------+----------+-------------------------------------------
     0 | D:1      | Peloso the Minotaur Fighter began the quest for the Orb.
     0 | D:1      | Reached XP level 1. HP: 19/19 MP: 0/0
   230 | D:1      | Reached XP level 2. HP: 27/27 MP: 1/1
   886 | D:2      | Reached skill level 4 in Shields
   911 | D:2      | Reached XP level 3. HP: 33/33 MP: 2/2
  1076 | D:2      | Gained mutation: Your flesh is heat resistant. (rF+)
                  | [potion of mutation]
  1248 | D:2      | Found a faded altar of an unknown god.
  1563 | D:3      | Identified the ring of Xumaec {rElec AC+4 Str+7}
  1772 | D:3      | Reached XP level 4. HP: 40/40 MP: 3/3
  3062 | D:4      | Reached XP level 5. HP: 38/46 MP: 4/4
  3337 | D:5      | Entered Level 5 of the Dungeon
  3364 | D:5      | Found a white marble altar of Elyvilon.
  3373 | D:5      | Noticed a phantom
  3376 | D:5      | Reached skill level 1 in Dodging
  3385 | D:5      | Reached skill level 5 in Long Blades
  3416 | D:5      | Killed a phantom
  3417 | D:5      | Reached XP level 6. HP: 29/53 MP: 5/5
  3473 | D:5      | Reached skill level 5 in Armour
  3473 | D:5      | Reached skill level 5 in Shields
  3521 | D:5      | Noticed an ice beast
  3532 | D:5      | Killed an ice beast
  3533 | D:5      | Reached XP level 7. HP: 54/60 MP: 6/6
  3573 | D:5      | Found a staircase to the Ecumenical Temple.
  3605 | Temple   | Entered the Ecumenical Temple
  3845 | Temple   | Became a worshipper of Warmaster Okawaru
  4099 | D:6      | Reached skill level 5 in Fighting
  4214 | D:6      | Found Igim's Jewellery Shoppe.
  4288 | D:6      | Reached * piety under Okawaru
  4319 | D:6      | Reached XP level 8. HP: 65/69 MP: 7/7
  4420 | D:6      | Noticed Maggie
  4445 | D:6      | Killed Maggie
  4445 | D:6      | Reached ** piety under Okawaru
  4561 | D:6      | Noticed Grinder
  4565 | D:6      | Paralysed by Grinder for 2 turns
  4571 | D:6      | Killed Grinder
  4572 | D:6      | Reached skill level 6 in Shields
  5500 | D:7      | Reached skill level 1 in Stealth
  5564 | D:7      | Reached XP level 9. HP: 74/78 MP: 8/8
  6021 | D:7      | Found a runed translucent gate.
  6022 | D:7      | Found a runed translucent gate.
  6023 | D:7      | Found a runed translucent gate.
  6023 | D:7      | Noticed a kobold demonologist
  6023 | D:7      | Noticed laros's ghost (novice MiBe)
  6101 | D:8      | Noticed Erica
  6395 | D:7      | Killed Erica
  6395 | D:7      | Reached *** piety under Okawaru
  6396 | D:7      | Reached skill level 10 in Long Blades
  6396 | D:7      | Reached skill level 7 in Shields
  6606 | D:8      | Found a shimmering altar of Xom.
  6606 | D:8      | Found a shimmering altar of Xom.
  6606 | D:8      | Found a shimmering altar of Xom.
  6607 | D:8      | Found a shimmering altar of Xom.
  6624 | D:8      | Found a shimmering altar of Xom.
  6624 | D:8      | Found a shimmering altar of Xom.
  6624 | D:8      | Found a shimmering altar of Xom.
  6633 | D:8      | Found a shimmering altar of Xom.
  6633 | D:8      | Found a shimmering altar of Xom.
  6634 | D:8      | Found a shimmering altar of Xom.
  6654 | D:8      | Reached **** piety under Okawaru
  6686 | D:8      | Found a radiant altar of Vehumet.
  7528 | D:9      | Reached XP level 10. HP: 59/86 MP: 9/9
  7646 | D:9      | Reached skill level 10 in Armour
  7675 | D:9      | Noticed a cyclops
  7688 | D:9      | Killed a cyclops
  7693 | D:9      | Noticed a wizard
  7694 | D:9      | Noticed a catoblepas
  7759 | D:9      | Paralysed by a hornet for 1 turns
  7762 | D:9      | Reached skill level 8 in Shields
  7930 | D:9      | Reached ***** piety under Okawaru
  8018 | D:9      | Killed a wizard
  8018 | D:9      | Received a gift from Okawaru
  8123 | D:10     | Entered Level 10 of the Dungeon
  8161 | D:10     | Found a staircase to the Lair.
  8282 | D:10     | Found a hide-covered altar of Uskayaw.
  8282 | D:10     | Found a shadowy altar of Dithmenos.
  8283 | D:10     | Found a sparkling altar of Nemelex Xobeh.
  8380 | D:10     | Reached XP level 11. HP: 71/95 MP: 10/10
  8445 | D:10     | Noticed Joseph
  8456 | D:10     | Killed Joseph
  8589 | D:10     | Found a staircase to the Orcish Mines.
  9069 | D:10     | Found a sacrificial altar of Ru.
  9120 | D:11     | Noticed a green ugly thing
  9134 | D:11     | Killed a green ugly thing
  9202 | D:11     | Noticed Nergalle
  9223 | D:11     | Killed Nergalle
  9223 | D:11     | Identified the +5 demon blade "Kyzodeop" {elec, Contam
                  | Dex+6 Stlth+} (Okawaru gifted it to you on level 11 of the
                  | Dungeon)
  9223 | D:11     | Received a gift from Okawaru
  9292 | D:11     | Noticed a centaur warrior
  9305 | D:11     | Killed a centaur warrior
  9306 | D:11     | Reached skill level 9 in Shields
  9590 | D:11     | Noticed a two-headed ogre
  9600 | D:11     | Killed a two-headed ogre
  9876 | Lair:1   | Entered Level 1 of the Lair of Beasts
 10111 | Lair:1   | Received a gift from Okawaru
 10214 | Lair:1   | Found a shadowy altar of Dithmenos.
 10612 | Lair:2   | Reached skill level 10 in Fighting
 10614 | Lair:2   | Reached skill level 10 in Shields
 10693 | Lair:2   | Reached XP level 12. HP: 98/106 MP: 11/11
 10757 | Lair:2   | Found a hole to the Spider Nest.
 10794 | Lair:2   | Found a staircase to the Swamp.
 10987 | Lair:2   | Noticed a six-headed hydra
 11004 | Lair:2   | Killed a one-headed hydra
 11005 | Lair:2   | Reached skill level 5 in Dodging
 11005 | Lair:2   | Reached skill level 11 in Shields
 11080 | Lair:2   | Found a runed translucent gate.
 11080 | Lair:2   | Found a runed translucent gate.
 11080 | Lair:2   | Found a runed translucent gate.
 11303 | Lair:2   | Noticed chujev's ghost (journeyman GrMo)
 11303 | Lair:2   | Noticed bonety's ghost (journeyman MiFi)
 11606 | Lair:3   | Noticed a four-headed hydra
 11618 | Lair:3   | Killed a one-headed hydra
 11645 | Lair:3   | Found a gate leading to a gauntlet.
 11663 | Gauntlet | Entered a Gauntlet
 11663 | Gauntlet | Found a transporter.
 11663 | Gauntlet | Found a transporter.
 11673 | Gauntlet | Found a transporter.
 11676 | Gauntlet | Found a transporter.
 11690 | Gauntlet | Found a transporter.
 11691 | Gauntlet | Found a transporter.
 11707 | Gauntlet | Found a transporter.
 11712 | Gauntlet | Found a runed translucent door.
 11717 | Gauntlet | Noticed a death yak
 11717 | Gauntlet | Noticed a death yak
 11718 | Gauntlet | Noticed a death yak
 11719 | Gauntlet | Noticed a death yak
 11719 | Gauntlet | Found a transporter.
 11720 | Gauntlet | Noticed a death yak
 11735 | Gauntlet | Found a transporter.
 11738 | Gauntlet | Found a transporter.
 11746 | Gauntlet | Found a transporter.
 11750 | Gauntlet | Found a transporter.
 11830 | Gauntlet | Identified the ring "Emeahacorch" {Wiz rF- Dex+4}
 11907 | Gauntlet | Received a gift from Okawaru
 11960 | Gauntlet | Killed a death yak
 11961 | Gauntlet | Reached skill level 12 in Shields
 11969 | Gauntlet | Killed a death yak
 11980 | Gauntlet | Killed a death yak
 11988 | Gauntlet | Killed a death yak
 11993 | Gauntlet | Killed a death yak
 12073 | Gauntlet | Found the +12 glaive of Prune {freeze, Prune}
 12073 | Gauntlet | Identified the +3 mace of Ambiguity {flame, rPois rC+
                  | Stlth+}
 12073 | Gauntlet | Noticed a minotaur
 12087 | Gauntlet | Killed a minotaur
 12106 | Lair:3   | Noticed Urug
 12161 | Lair:3   | Found a frozen archway.
 12168 | IceCv    | Entered an ice cave
 12176 | IceCv    | Reached skill level 15 in Long Blades
 12192 | IceCv    | Reached XP level 13. HP: 116/116 MP: 12/12
 12257 | IceCv    | Identified the +1 ring mail of the Snake Pit {Fly rPois
                  | Int-4 Dex+2} (Okawaru gifted it to you in an ice cave)
 12257 | IceCv    | Received a gift from Okawaru
 12258 | IceCv    | Reached skill level 1 in Maces & Flails
 12262 | IceCv    | Reached skill level 13 in Shields
 12270 | IceCv    | HP: 3/117 [polar bear (18)]
 12811 | IceCv    | Noticed a frost giant
 12838 | IceCv    | Reached skill level 5 in Maces & Flails
 12843 | IceCv    | Killed a frost giant
 13339 | Lair:3   | Killed Urug
 13400 | Lair:3   | Reached skill level 14 in Shields
 13565 | Lair:3   | Noticed Amaemon
 13586 | Lair:3   | Killed Amaemon
 14387 | Orc:1    | Entered Level 1 of the Orcish Mines
 14410 | Orc:1    | Found a dark tunnel.
 14436 | Volcano  | Entered a volcano
 14465 | Volcano  | Reached skill level 1 in Invocations
 14636 | Volcano  | Reached XP level 14. HP: 127/127 MP: 13/13
 15272 | Orc:1    | Found a bloodstained altar of Trog.
 15416 | Orc:2    | Entered Level 2 of the Orcish Mines
 15421 | Orc:2    | Received a gift from Okawaru
 15624 | Orc:1    | Reached skill level 15 in Shields
 15898 | Orc:2    | Found Xoggimm's Gadget Gallery.
 16161 | Orc:2    | Found a staircase to the Elven Halls.
 16194 | Orc:2    | Found Peurog Lali's Weapon Shoppe.
 16346 | Orc:1    | Reached skill level 1 in Evocations
 16706 | Orc:2    | Received a gift from Okawaru
 16706 | Orc:2    | Found the +2 hat of the Bear Spirit {Spirit, Bear, *Rage
                  | Will++}
 16796 | Orc:2    | Found Ylo Zauf's Magic Scroll Shoppe.
 16797 | Orc:2    | Found Ceytryoq's Antique Weapon Shop.
 16797 | Orc:2    | Found Vuug's Weapon Shop.
 16810 | Orc:2    | Bought a scroll of immolation for 56 gold pieces
 16826 | Orc:2    | Bought the +9 double sword "Sudic" {elec, rElec} for 1544
                  | gold pieces
 17873 | D:12     | You fall into a shaft and drop 2 floors!
 18011 | D:14     | Identified the +3 ring mail "Bangeo" {rPois Will+ Int-2
                  | Dex+3}
 18029 | D:14     | Found a shimmering blue altar of Sif Muna.
 18351 | D:13     | Reached skill level 16 in Shields
 18407 | D:12     | Noticed Maurice
 18413 | D:12     | Killed Maurice
 18459 | D:12     | Noticed Nessos
 18481 | D:12     | Killed Nessos
 19354 | Lair:4   | Received a gift from Okawaru
 19354 | Lair:4   | Reached ****** piety under Okawaru
 19362 | Lair:4   | Reached XP level 15. HP: 128/137 MP: 15/15
 19415 | Lair:4   | Noticed Josephine
 19425 | Lair:4   | Killed Josephine
 19841 | Lair:5   | Entered Level 5 of the Lair of Beasts
 19900 | Lair:5   | Reached skill level 17 in Shields
 19991 | Lair:5   | Noticed Sonja
 20010 | Lair:5   | Killed Sonja
 20015 | Lair:5   | Paralysed by a hornet for 3 turns
 20078 | Lair:5   | Reached skill level 15 in Armour
 20661 | Lair:5   | Found a staircase to the Slime Pits.
 20816 | Lair:5   | Received a gift from Okawaru
 21045 | Lair:5   | Reached skill level 18 in Shields
 21205 | Lair:5   | Identified the +8 glaive of Tortured Exoneration {heavy,
                  | rPois rC- rN++ Int-2}
 22093 | D:13     | Found Ygrejeth's General Store.
 22203 | D:13     | Found a gate to the Vaults.
 22521 | D:14     | Reached skill level 15 in Fighting
 22818 | D:15     | Entered Level 15 of the Dungeon
 22926 | D:15     | Noticed Rupert
 22937 | D:15     | Killed Rupert
 22991 | D:15     | Identified the +1 war axe of Immorality {freeze, rN+++
                  | Str-3 Int+5 Stlth+}
 23057 | D:15     | Reached XP level 16. HP: 148/149 MP: 16/16
 23099 | D:15     | Found a staircase to the Depths.
 23132 | D:15     | Found Keclium's Antique Weapon Emporium.
 23722 | Lair:5   | Identified the amulet of Juocehou {Reflect +Blink rC+ Str+3
                  | SH+5}
 23979 | D:7      | Identified a scroll of acquirement
 24007 | D:7      | Killed laros's ghost
 24175 | Lair:2   | Killed bonety's ghost
 24175 | Lair:2   | Identified the +3 eveningstar "Serisomig" {drain, rElec
                  | Dex+4} (Okawaru gifted it to you on level 2 of the Lair of
                  | Beasts)
 24175 | Lair:2   | Received a gift from Okawaru
 24181 | Lair:2   | Killed chujev's ghost
 24705 | D:6      | Bought the ring of Xom's Flight of Fancy {rElec rPois rCorr
                  | Int+3} for 642 gold pieces
 24860 | Spider:1 | Entered Level 1 of the Spider Nest
 25244 | Spider:1 | Reached skill level 19 in Shields
 26338 | Spider:1 | Identified the +9 long sword of the Final Decision {freeze,
                  | Dex+3} (Okawaru gifted it to you on level 1 of the Spider
                  | Nest)
 26338 | Spider:1 | Received a gift from Okawaru
 26834 | Spider:2 | You fall into a shaft and drop 1 floor!
 26989 | Spider:3 | Reached skill level 20 in Shields
 27083 | Spider:3 | Noticed Arachne
 27092 | Spider:3 | Identified the +2 dire flail "Qihiq" {holy, +Blink Will++}
                  | (Okawaru gifted it to you on level 3 of the Spider Nest)
 27092 | Spider:3 | Received a gift from Okawaru
 27618 | Spider:2 | Killed Arachne
 29257 | Spider:3 | Noticed Jorgrun
 29272 | Spider:3 | Killed Jorgrun
 29272 | Spider:3 | Received a gift from Okawaru
 29276 | Spider:3 | Reached XP level 17. HP: 158/158 MP: 0/17
 29298 | Spider:3 | Noticed Mara
 29307 | Spider:3 | Noticed Peloso's illusion
 29314 | Spider:3 | Killed Mara
 29715 | Spider:4 | Entered Level 4 of the Spider Nest
 30333 | Spider:4 | Reached skill level 21 in Shields
 30838 | Spider:4 | Identified the +2 pair of gloves of Lesser Demons {rN+
                  | Will+ Regen+ Dex+2} (Okawaru gifted it to you on level 4 of
                  | the Spider Nest)
 30838 | Spider:4 | Received a gift from Okawaru
 31315 | Spider:4 | Paralysed by a hornet for 3 turns
 31413 | Spider:4 | Got a gossamer rune of Zot
 31899 | Swamp:1  | Entered Level 1 of the Swamp
 31912 | Swamp:1  | Noticed Frances
 31932 | Swamp:1  | Killed Frances
 32131 | Swamp:1  | Noticed Mlioglotl
 32144 | Swamp:1  | HP: 2/160 [Mlioglotl (11)]
 32147 | Swamp:1  | Killed Mlioglotl
 32616 | Swamp:1  | Reached skill level 22 in Shields
 33402 | Swamp:3  | Noticed Kirke
 33414 | Swamp:3  | Killed Kirke
 33414 | Swamp:3  | Identified the +8 long sword "Veshryiri" {spect, rElec rC+
                  | MP+9 Stlth+} (Okawaru gifted it to you on level 3 of the
                  | Swamp)
 33414 | Swamp:3  | Received a gift from Okawaru
 33479 | Swamp:3  | Noticed Roxanne
 33497 | Swamp:3  | Killed Roxanne
 33592 | Swamp:3  | Noticed Aizul
 33592 | Swamp:3  | Noticed a tentacled monstrosity
 33608 | Swamp:3  | Killed a tentacled monstrosity
 33612 | Swamp:3  | HP: 7/158 [bunyip (36)]
 33612 | Swamp:3  | Demolished by a bunyip

Illustrated notes

Levels and vault maps discovered:
D:1:      minmay_arrival_four_circles, layout_basic
D:2:      layout_basic, shapermc_ecumenical_altar_starsandcircs,
          minmay_misc_feat_secret_circle
D:3:      minmay_door_path, layout_basic, kennysheep_generic_room_2
D:4:      layout_loops_corners, minmay_distorted
D:5:      layout_rooms, mainiacjoe_overflow_24_doors, temple_pool_b
D:6:      layout_basic, serial_shops, nicolae_shop_behind_doors, uniq_maggie,
          uniq_grinder
D:7:      layout_cave_pods, gammafunk_ghost_nasty_kobolds, serial_park_tiny_2
D:8:      layout_rooms, xom_shifter_show, vehumet_crystals,
          nicolae_benzene_ring, uniq_erica
D:9:      minmay_the_grid_octo_tiled_octocenter [minmay_the_grid_octo_empty,
          minmay_the_grid_octo_clover_2, minmay_the_grid_octo_concentric,
          minmay_the_grid_octo_toaster, minmay_the_grid_octo_prize_big_c,
          minmay_the_grid_square_5x5_checkered_statues,
          minmay_the_grid_square_5x5_seven, minmay_the_grid_square_5x5_bite,
          minmay_the_grid_square_5x5_hollow_slash], layout_basic
D:10:     lemuel_ice_spiral_2, layout_basic, nicolae_ru_path_of_blood,
          gammafunk_temple_overflow_claw, erik_lair_orcish_takeover,
          zombieorc2_lemuel, uniq_joseph
D:11:     layout_layer_cave, uniq_nergalle
D:12:     layout_rooms, uniq_nessos, uniq_maurice
D:13:     layout_roguey, david_vaults_4, serial_shops, shop, minmay_misc_feat_x
D:14:     layout_roguey, lemuel_blue_sif_altar, minmay_starry_boxes
D:15:     hangedman_depths_entry_civil_slaughter, layout_long_grid,
          serial_shops, shop, uniq_rupert
Temple:   regret_index_temple_generic_petals
Lair:1:   layout_roguey, basic_altar, infiniplex_staircase_pool_2
Lair:2:   layout_small_grid, minmay_swamp_entry_reptiles, dummy_spider_entry,
          gammafunk_ghost_cemetery, grunt_forest_large_clearings
Lair:3:   layout_hall_layers, portal_ice_cave_rime, gauntlet_entry_generic,
          grunt_megastairs_1, uniq_amaemon, uniq_urug
Lair:4:   beast_lair_carwin_large_2, layout_cave_pods, uniq_josephine
Lair:5:   minmay_lair_end_enchanted_forest, layout_small_grid,
          nicolae_slime_entry_field_trip, lemuel_fruit_fields,
          grunt_megastairs_2, lemuel_fruit_tree, uniq_sonja
Swamp:1:  layout_falls_marsh, nicolae_swamp_decorative_isthmus,
          nicolae_swamp_soggy_hallways, uniq_mlioglotl, uniq_frances
Swamp:2:  nicolae_swamp_ascending_descending_big, layout_basic_swamp,
          evilmike_swamp_ruin_house_2, swamp_pool2
Swamp:3:  layout_basic_swamp, evilmike_swamp_ruin_rubble_1, uniq_kirke,
          uniq_aizul, uniq_roxanne
Spider:1: layout_spider_delve
Spider:2: layout_spider_delve
Spider:3: layout_spider_delve, uniq_jorgrun, uniq_mara, uniq_arachne
Spider:4: spider_rune_water, drop_trap
Orc:1:    layout_caves, nicolae_volcano_entry_lava_flow, basic_altar,
          mines1_david
Orc:2:    st_orc_elflike, layout_caves, nicolae_shop_gadgets

Skill      XL: |  1  2  3  4  5  6  7  8  9 10 11 12 13 14 15 16 17 |
---------------+----------------------------------------------------+-----
Armour         | 4 5 6 7 9 11 12 13 14 15 16 | 16.8
Fighting       | 4 5 6 7 8 10 11 12 13 15 16 17 | 17.2
Long Blades    | 3 4 5 6 7 9 10 12 14 15 16 17 18 19 | 19.2
Shields        | 4 5 6 7 8 10 12 14 16 18 20 22 | 22.4
Dodging        | 1 2 3 4 5 6 7 |  7.6
Stealth        | 1 2 |  2.4
Maces & Flails | 6 |  6.6
Invocations    | 1 2 |  2.1
Evocations     | 1 |  1.8

Action                     |  1- 3 |  4- 6 |  7- 9 | 10-12 | 13-15 | 16-18 || total
---------------------------+-------+-------+-------+-------+-------+-------++-------
  Melee: Long sword        |    90 |   130 |   158 |       |       |       ||   378
         Headbutt          |     8 |    20 |    49 |   180 |   362 |   254 ||   873
         Scimitar          |       |       |    83 |   677 |   418 |       ||  1178
         Mace              |       |       |       |       |   249 |       ||   249
         Double sword      |       |       |       |       |   739 |  1049 ||  1788
 Invoke: Heroism           |       |       |       |     6 |    11 |     8 ||    25
  Evoke: Wand              |       |       |       |       |    13 |     3 ||    16
    Use: Scroll            |     5 |       |     8 |     8 |    14 |    10 ||    45
         Potion            |     3 |       |       |     1 |     8 |     5 ||    17
 Armour: Scale mail        |    15 |       |       |       |       |       ||    15
         Chain mail        |    22 |    62 |   145 |   321 |   174 |       ||   724
         Plate armour      |       |       |       |       |   299 |   614 ||   913
  Dodge: Dodged            |    52 |    64 |   115 |   234 |   379 |   370 ||  1214
  Block: Buckler           |    19 |    36 |    92 |    30 |       |       ||   177
         Kite shield       |       |       |       |   154 |       |       ||   154
         Tower shield      |       |       |       |   386 |  1536 |  1589 ||  3511
         Reflection        |       |       |       |       |       |    19 ||    19
